cohdb
Replays
Latest Replays
All Replays
Popular Replays
Top Player Replays
Match Explorer
How It Works
Community
CoH3 Stats
Reddit
Sign in to upload your games and track your stats! →
Sign in with Steam
Match 44572396
Unlisted
Match 44572396
Overview
Messages
Build Orders
End
Engineer Squad
Construct Barracks
Construct Barracks
1⁄4-ton 4x4 Truck
Riflemen Squad
Riflemen Squad
Riflemen Squad
Infantry Support Center
Grenade Package
Construct Motor Pool
Selects Heavy Weapons
Selects Assault Carriers
Selects Exchangeable Parts
Construct Weapon Support Center
M3 Assault Carrier
Construct Medical Station
M3 Assault Carrier
M1918 Browning Automatic Rifles
Mortar Pit
Riflemen Squad
Construct Tank Depot
M1919 Machine Gun Team
Bazooka Squad
M18 Hellcat Tank Destroyer
M1919 Machine Gun Team
M18 Hellcat Tank Destroyer
Mortar Pit
Selects M26 Pershing Heavy Tank
Selects M2HB .50cal Heavy Machine Gun
Selects Gallant Stand
M26 Pershing Heavy Tank
M18 Hellcat Tank Destroyer
Selects Black Dragon Artillery Barrage
M4A1 Sherman Medium Tank
Black Dragon Artillery Barrage
Gallant Stand
Black Dragon Artillery Barrage
dan legend
schulz
StachuZawierucha
maahowl
0
0
Comments
sign in to comment!
No comments posted yet!